 Dungeon Crawl Stone Soup version 0.29.1-14-g9c671dbff4 (webtiles) character file.

Game seed: 12928024012522714626

77 bnorton916 the Magician (level 4, 0/24 HPs)
             Began as a Deep Elf Fire Elementalist on Feb 18, 2023.
             Slain by a gnoll
             ... wielding a +0 club
              (6 damage)
             ... on level 4 of the Dungeon.
             The game lasted 00:02:55 (3277 turns).

bnorton916 the Magician (DEFE)                      Turns: 3277, Time: 00:02:55

Health: 0/24       AC:  3    Str:  5    XL:     4   Next: 14%
Magic:  9/12       EV: 12    Int: 22    God:
Gold:   116        SH:  0    Dex: 15    Spells: 2/11 levels left

rFire   . . .      SeeInvis .   (no weapon)
rCold   . . .      Faith    .   (no shield)
rNeg    . . .      Spirit   .   a - +0 robe
rPois   .          Reflect  .   t - +0 helmet
rElec   .          Harm     .   (no cloak)
rCorr   .          Rampage  .   (no gloves)
Will    .....                   (no boots)
Stlth   ++........              (no amulet)
HPRegen 0.08/turn               (no ring)
MPRegen 0.13/turn               (no ring)

@: no status effects
A: no striking features
a: no special abilities


You were on level 4 of the Dungeon.
You visited 1 branch of the dungeon, and saw 4 of its levels.

You collected 116 gold pieces.

Inventory:

Hand Weapons
 e - a +1 dagger of pain
 o - a +0 sling of flaming
Missiles
 i - 7 curare-tipped darts
 k - 2 throwing nets
 u - 3 boomerangs
Armour
 a - a +0 robe (worn)
 t - a +0 helmet (worn)
Jewellery
 c - a ring of ice
 m - an amulet of guardian spirit
Scrolls
 g - 2 scrolls of enchant weapon {unknown}
 h - 2 scrolls of blinking {unknown}
 j - 4 scrolls of identify {unknown}
 p - a scroll of brand weapon {unknown}
 q - a scroll of fear {unknown}
 r - a scroll of silence {unknown}
 v - a scroll of noise {unknown}
Potions
 b - a potion of magic
 d - 2 potions of haste {unknown}
 f - a potion of invisibility {unknown}
 l - a potion of heal wounds {unknown}
 n - 3 potions of curing {unknown}
 s - a potion of might {unknown}


   Skills:
 - Level 2.4 Dodging
 - Level 2.4 Stealth
 + Level 4.2 Spellcasting
 + Level 2.5 Conjurations
 + Level 4.1 Fire Magic
 + Level 0.5 Ice Magic


You had 2 spell levels left.
You knew the following spells:

 Your Spells              Type           Power      Damage    Failure   Level
a - Foxfire               Conj/Fire      76%        2x1d7     2%          1
b - Scorch                Fire           44%        2d7       3%          2
c - Conjure Flame         Conj/Fire      19%        6-21      9%          3
d - Frozen Ramparts       Ice            14%        1d3       26%         3

Your spell library contained the following spells:

 Spells                   Type           Power      Damage    Failure   Level
 Inner Flame              Hex/Fire       13%        N/A       14%         3
 Ozocubu's Armour         Ice            7%         N/A       26%         3
 Flame Wave               Conj/Fire      19%        2d7       28%         4
 Ice Form                 Ice/Tmut       5%         N/A       67%         4
 Summon Ice Beast         Ice/Summ       5%         N/A       67%         4
 Ozocubu's Refrigeration  Ice            3%         4d8       100%        7


Dungeon Overview and Level Annotations

Branches:
Dungeon (4/15)
 Temple: D:4-7

Altars:
Elyvilon
Xom

Shops:
D:1 *


Message History

Confirm with . or Enter, or press ? or * to list all spells.
You conjure some foxfire!
The gnoll shouts!
The foxfire hits the gnoll.
The gnoll is moderately wounded.
The foxfire hits the gnoll.
The gnoll is severely wounded.
A gnoll comes into view. It is wielding a +0 flail.
The foxfire hits the gnoll.
You kill the gnoll!
The foxfire hits the gnoll.
The gnoll is lightly wounded.
A gnoll comes into view. It is wielding a +0 club.
You have reached level 4!
You feel clever.
The gnoll throws a throwing net.
The throwing net hits you.
You become entangled in the net!
You see here a throwing net.
You struggle against the net.
You struggle against the net.
You struggle against the net.
The gnoll shouts!
You rip the net and break free!
The gnoll attacks as you move away! The gnoll hits you with a +0 club.
The gnoll attacks as you move away! The gnoll hits you with a +0 club.
The gnoll attacks as you move away! The gnoll hits you with a +0 club.
You see here a hobgoblin corpse.
There is a stone staircase leading down here.
You can't go up here!
The gnoll hits you with a +0 club.
You climb downwards.
There is a stone staircase leading up here.
Casting: Foxfire (safe; 2% risk of failure)
Confirm with . or Enter, or press ? or * to list all spells.
Flames lash the gnoll.
The gnoll is almost dead.
The gnoll's fire resistance burns away.
The gnoll hits you with a +0 club.
* * * LOW HITPOINT WARNING * * *
The gnoll hits you with a +0 club.
You die...

#.#....
.......
#......
#......
#......
.......##
#.......#####
#......@....#
.......g..###
.#.....####
##...# #.##
#. . #


You could see a gnoll (combustible).

Vanquished Creatures
  A gnoll (D:3)
  2 adders
  A dart slug (D:2)
  8 ball pythons
  A bat (D:3)
  9 endoplasms
  3 giant cockroaches
  3 goblins
  4 hobgoblins
  2 frilled lizards
  8 kobolds
  3 rats
45 creatures vanquished.

Vanquished Creatures (others)
  A butterfly (D:3)
  214 foxfires
215 creatures vanquished.

Grand Total: 260 creatures vanquished

Notes
Turn   | Place    | Note
-------+----------+-------------------------------------------
     0 | D:1      | bnorton916 the Deep Elf Fire Elementalist began the quest
                  | for the Orb.
     0 | D:1      | Reached XP level 1. HP: 10/10 MP: 6/6
   461 | D:1      | Reached XP level 2. HP: 15/15 MP: 5/8
   700 | D:1      | Found Webiomp's Assorted Antiques.
  1034 | D:1      | Learned a level 2 spell: Scorch
  1282 | D:1      | Found a faded altar of an unknown god.
  1589 | D:2      | Reached XP level 3. HP: 19/19 MP: 5/10
  1634 | D:2      | Found a shimmering altar of Xom.
  2867 | D:3      | Learned a level 3 spell: Conjure Flame
  2871 | D:3      | Learned a level 3 spell: Frozen Ramparts
  2951 | D:3      | Found a white marble altar of Elyvilon.
  3259 | D:3      | Reached XP level 4. HP: 24/24 MP: 8/12
  3277 | D:4      | Slain by a gnoll

Illustrated notes

Levels and vault maps discovered:
D:1:      minmay_arrival_wavy_path, layout_rooms,
          dilly_ecumenical_altar_fadedgnrine, serial_shops, nicolae_shop_crystal
D:2:      layout_basic, basic_altar, minmay_pentomino_x2
D:3:      layout_loops_corners, tgw_kikubaaqudgha, tgw_trog,
          nicolae_elyvilon_peaceful_grove, mainiacjoe_overflow_large_starburst,
          uniq_sigmund
D:4:      minmay_goblin_kobold_castle, layout_rooms, nicolae_shop_clearance,
          uniq_edmund

Skill      XL: |  1  2  3 |
---------------+----------+-----
Conjurations   | 2 |  2.5
Spellcasting   | 4 |  4.2
Fire Magic     | 4 |  4.1
Dodging        | |  2.4
Stealth        | |  2.4
Ice Magic      | |  0.5

Action                   |  1- 3 |  4- 6 || total
-------------------------+-------+-------++-------
 Cast: Foxfire           |   142 |       ||   142
       Scorch            |       |     1 ||     1
Armor: Robe              |     3 |       ||     3
Dodge: Dodged            |    34 |       ||    34
